 Dungeon Crawl Stone Soup version 0.27-a0-1200-g94dc6ad4cf (webtiles) character file.

Game seed: 12694811622849514550

88 MYETA the Caller (level 4, -22/30 HPs)
             Began as a Barachi Summoner on May 30, 2021.
             Annihilated by an ogre
             ... wielding a +0 giant club
              (27 damage)
             ... on level 2 of the Dungeon.
             The game lasted 00:19:52 (2595 turns).

MYETA the Caller (Barachi Summoner)                 Turns: 2595, Time: 00:19:52

Health: -22/30     AC:  2    Str:  9    XL:     4   Next: 54%
Magic:  8/8        EV: 17    Int: 15    God:
Gold:   105        SH:  0    Dex: 14    Spells: 2/8 levels left

rFire    . . .     SeeInvis .   l - +2 dagger (speed)
rCold    . . .     Faith    .   (no shield)
rNeg     + . .     Spirit   .   a - +0 robe
rPois    .         Reflect  .   (no helmet)
rElec    .         Harm     .   (no cloak)
rCorr    .         Rampage  .   (no gloves)
Will     .....                  (no boots)
Stlth    ++........             d - amulet of magic regeneration
HPRegen  0.10/turn              c - +4 ring of evasion
MPRegen  0.36/turn              k - ring of positive energy

@: unable to hop, slow
A: amphibious, slowness 1, strong legs 1, +LOS
a: Hop


You were on level 2 of the Dungeon.
You visited 1 branch of the dungeon, and saw 2 of its levels.

You collected 105 gold pieces.

Inventory:

Hand Weapons
 l - a +2 dagger of speed (weapon)
Missiles
 e - 27 poisoned darts (quivered)
Armour
 a - a +0 robe (worn)
Jewellery
 c - a +4 ring of evasion (left hand)
 d - an amulet of magic regeneration (around neck)
 k - a ring of positive energy (right hand)
Scrolls
 b - a scroll of identify
 g - 2 scrolls of teleportation {unknown}
 h - a scroll of fear {unknown}
 i - a scroll of amnesia {unknown}
 j - a scroll of holy word {unknown}
Potions
 f - a potion of mutation


   Skills:
 + Level 3.0 Dodging
 + Level 2.5 Stealth
 + Level 2.9 Spellcasting
 * Level 5.7 Summonings


You had 2 spell levels left.
You knew the following spells:

 Your Spells              Type           Power      Damage    Failure   Level
a - Summon Small Mammal   Summ           76%        N/A       1%          1
b - Call Imp              Summ           19%        N/A       3%          2
c - Call Canine Familiar  Summ           19%        N/A       6%          3

Your spell library contained the following spells:

 Spells                   Type           Power      Damage    Failure   Level
 Beastly Appendage        Tmut           4%         N/A       21%         1
 Wereblood                Tmut           2%         N/A       30%         2
 Summon Guardian Golem    Hex/Summ       10%        N/A       19%         3
 Spider Form              Tmut/Pois      1%         N/A       52%         3
 Summon Ice Beast         Ice/Summ       10%        N/A       52%         4
 Summon Lightning Spire   Summ/Air       10%        N/A       52%         4
 Ice Form                 Ice/Tmut       2%         N/A       90%         4
 Hydra Form               Tmut           1%         N/A       99%         5


Dungeon Overview and Level Annotations

Branches:
Dungeon (2/15)

Altars:


Innate Abilities, Weirdness & Mutations

You are amphibious.
You cover ground slowly.
You can hop short distances.
You have an extended range of vision and can be seen from far away.


Message History

Your crimson imp barely misses the ogre.
Casting: Call Imp (safe; 3% risk of failure)
Confirm with . or Enter, or press ? or * to list all spells.
A beastly little devil appears in a puff of flame.
Your crimson imp hits the ogre.
The ogre barely misses you.
Your crimson imp hits the ogre.
The ogre closely misses you.
Your crimson imp hits the ogre.
Your crimson imp blinks!
The ogre misses you. The ogre barely misses you.
Your crimson imp blinks!
Hop to where?
Press: ? - help, Dir - move target Boing!
Casting: Call Imp (safe; 3% risk of failure)
Confirm with . or Enter, or press ? or * to list all spells.
A beastly little devil appears in a puff of flame.
You swap places.
The ogre hits your crimson imp with a +0 giant club!!
Your crimson imp dies!
Your crimson imp blinks!
Your crimson imp blinks!
Your crimson imp disappears in a puff of smoke!
The ogre completely misses you. The ogre completely misses you.
Casting: Call Imp (safe; 3% risk of failure)
Confirm with . or Enter, or press ? or * to list all spells.
A beastly little devil appears in a puff of frigid air.
Your crimson imp blinks!
The ogre misses you.
You swap places.
Your white imp hits the ogre.
Your white imp freezes the ogre.
Your crimson imp completely misses the ogre.
Your crimson imp disappears in a puff of smoke!
The ogre hits you with a +0 giant club!!
Ouch! That really hurt!
* * * LOW HITPOINT WARNING * * *
The ogre hits you with a +0 giant club!!
Ouch! That really hurt!
You die...

## #.# #.# #.###### .#
#.# #.# #...5..# .# #.#
#.# ######5# .###.# #.#
#.....# ..##.# ####.#
#.##### ...#.# ##....#
#.# .....#####)###.## #.#
..........## ##.## #5#
....#....## ##@## #.#
...##.##.# #.O#######.#
..###.##.##
##..5.......###### .##
#.###.##
##.############...## .#
#.#
##.###..5................
## #.#
##...##############...##
#####.# ##### #####
<.....# #######


You could see an ogre (ally target) and a friendly white imp (summoned).

Vanquished Creatures
  A ball python (D:1)
  A quokka (D:1)
2 creatures vanquished.

Vanquished Creatures (collateral kills)
  A necrophage (D:2)
  An adder (D:2)
  A worm (D:2)
  2 dart slugs (D:1)
  4 orcs (D:2)
  7 bats
  5 endoplasms
  2 giant cockroaches
  5 goblins
  4 hobgoblins (D:1)
  4 jackals (D:1)
  A quokka (D:2)
  6 ball pythons
  2 frilled lizards
  A kobold (D:1)
  4 rats
50 creatures vanquished.

Grand Total: 52 creatures vanquished

Notes
Turn   | Place    | Note
-------+----------+-------------------------------------------
     0 | D:1      | MYETA the Barachi Summoner began the quest for the Orb.
     0 | D:1      | Reached XP level 1. HP: 13/13 MP: 3/3
   169 | D:1      | Reached skill level 5 in Summonings
   396 | D:1      | Reached XP level 2. HP: 15/19 MP: 0/5
   541 | D:1      | Learned a level 2 spell: Call Imp
  1507 | D:1      | Reached XP level 3. HP: 24/24 MP: 6/6
  1717 | D:2      | Learned a level 3 spell: Call Canine Familiar
  2228 | D:2      | Noticed a necrophage
  2254 | D:2      | Killed a necrophage
  2255 | D:2      | Reached XP level 4. HP: 23/30 MP: 6/8
  2554 | D:2      | Noticed an ogre
  2595 | D:2      | Annihilated by an ogre

Illustrated notes

Levels and vault maps discovered:
D:1:      mushboom_english_gardens, layout_loops_cross, minmay_vboxes
D:2:      layout_loops_ring

Skill      XL: |  1  2  3 |
---------------+----------+-----
Summonings     | 5 |  5.7
Stealth        | 2 |  2.5
Dodging        | 3 |  3.0
Spellcasting   | |  2.9

Action                   |  1- 3 |  4- 6 || total
-------------------------+-------+-------++-------
Melee: Unarmed           |    20 |       ||    20
Throw: Dart              |     3 |       ||     3
 Cast: Summon Small Mamm |    19 |       ||    19
       Call Imp          |    36 |     8 ||    44
       Call Canine Famil |     4 |       ||     4
 Abil: Hop               |     1 |     1 ||     2
  Use: Scroll            |     1 |       ||     1
 Stab: Sleeping          |     1 |       ||     1
Armor: Robe              |    21 |     1 ||    22
Dodge: Dodged            |    90 |    14 ||   104

Table legend: (Time is in decaauts)
 A = Elapsed time spent in this place.
 B = Non-inter-level travel time spent in this place.
 C = Inter-level travel time spent in this place.
 D = Time resting spent in this place.
 E = Time spent auto-exploring this place.
 F = Levels seen in this place.
 G = Mean time per level.
                   A        B        C        D        E       F      G
               +--------+--------+--------+--------+--------+-----+--------+
         Total |   2848 |   2793 |     55 |      0 |   2047 |   2 | 1424.0 |
       Dungeon |   2848 |   2793 |     55 |      0 |   2047 |   2 | 1424.0 |
               +--------+--------+--------+--------+--------+-----+--------+

Top non-repeatable levels by time:
     D:1: 1856 daAuts
     D:2: 991 daAuts
